Map: [ESL] Alcyone

Players

Jieshi - Winner!

  • Race: Protoss Protoss
  • Spawn Location: 1:00

Nanami

  • Race: Protoss Protoss
  • Spawn Location: 7:00

Event: ESL SC2 Masters 2023 Winter (Regional)

VOD

Have the link to the VOD?

Description

Time

  • Played on: Nov. 9, 2023, 6:31 a.m.
  • Length: 13:20

All games in this series

Show
View Real Time Build Order
Export as new Build Order

Jieshi Protoss - Winner!

Build Orders:  

Get SALT Encoding   

  12  0:00  Probe  
  13  0:12  Probe  
  14  0:17  Pylon  
  14  0:25  Probe (Chrono Boost)  
  15  0:37  Gateway, Probe (Chrono Boost)  
  16  0:44  Probe (Chrono Boost)  
  16  0:47  Assimilator  
  17  0:51  Probe  
  17  0:54  Assimilator  
  18  1:03  Probe (Chrono Boost)  
  19  1:07  Gateway  
  19  1:12  Probe (Chrono Boost)  
  19  1:17  Probe (Chrono Boost)  
  20  1:25  Cybernetics Core  
  21  1:29  Probe  
  22  1:33  Pylon  
  22  1:41  Probe  
  23  1:54  Probe  
  24  2:00  Warp Gate  
  24  2:01  Adept x2  
  24  2:04  Robotics Facility  
  28  2:11  Pylon  
  28  2:31  Stalker x2  
  32  2:42  Gateway  
  31  2:51  Immortal (Chrono Boost)  
  35  3:12  Sentry, Shield Battery  
  37  3:21  Warp Prism (Chrono Boost)  
  39  3:28  Probe  
  37  3:50  Stalker  
  37  3:52  Pylon  
  38  4:03  Pylon  
  38  4:18  Stalker x2  
  38  4:22  Stalker  
  44  4:32  Probe (Chrono Boost)  
  45  4:41  Observer  
  45  4:43  Probe (Chrono Boost)  
  47  4:49  Probe (Chrono Boost)  
  47  4:50  Stalker  
  50  4:59  Probe  
  51  5:03  Pylon  
  51  5:08  Stalker  
  51  5:11  Probe  
  54  5:23  Stalker x2  
  58  5:47  Twilight Council  
  58  6:02  Stalker x2  
  62  6:09  Nexus  
  62  6:17  Pylon  
  62  6:20  Blink (Chrono Boost)  
  62  6:30  Pylon  
  62  6:42  Shield Battery  
  62  6:46  Probe  
  63  6:48  Stalker  
  63  6:53  Stalker  
  67  7:01  Stalker  
  69  7:06  Shield Battery  
  69  7:17  Stalker  
  71  7:26  Stalker  
  73  7:32  Pylon  
  73  7:37  Stalker  
  75  7:48  Probe  
  75  7:49  Probe  
  77  7:57  Zealot  
  79  8:01  Probe  
  80  8:13  Probe (Chrono Boost)  
  80  8:14  Pylon  
  80  8:16  Probe (Chrono Boost)  
  82  8:25  Probe (Chrono Boost)  
  84  8:30  Observer, Probe (Chrono Boost)  
  84  8:39  Stalker x2  
  84  8:40  Probe, Stalker  
  84  8:41  Probe  
  92  9:02  Stalker x2  
  82  9:03  Stalker  
  82  9:06  Probe x2  
  74  9:11  Charge (Chrono Boost)  
  70  9:28  Gateway  
  67  9:31  Observer (Chrono Boost)  
  67  9:32  Nexus  
  67  9:37  Gateway  
  68  9:39  Gateway  
  68  9:44  Pylon  
  68  9:49  Assimilator  
  68  10:11  Zealot x3, Immortal  
  78  10:15  Templar Archives  
  79  10:21  Probe x2  
  79  10:23  Shield Battery  
  80  10:35  Gateway  
  80  10:41  Zealot x3  
  86  10:52  High Templar x2, Zealot  
  86  10:55  Pylon  
  92  11:00  Archon, Immortal (Chrono Boost)  
  96  11:11  Zealot x2  
  96  11:15  Zealot  
  102  11:22  Zealot  
  102  11:25  Zealot  
  106  11:31  Zealot x2  
  111  11:32  Observer  
  95  11:40  Zealot x2  
  75  11:54  High Templar x2, Zealot x2  
  65  11:55  Zealot  
  65  11:58  Archon  
  70  12:03  Zealot x2  
  59  12:17  Zealot x3  
  55  12:24  Stalker x2  
  57  12:32  Stalker  
  57  12:35  Stalker  
  60  12:38  Probe x2 (Chrono Boost)  
  59  12:50  Probe x2 (Chrono Boost)  
  62  12:52  Probe (Chrono Boost)  
  62  12:54  Probe (Chrono Boost)  
  62  12:55  Probe (Chrono Boost)  
  64  12:58  High Templar x2  
  64  13:02  Archon  
  66  13:16  Stalker x3  
Show
View Real Time Build Order
Export as new Build Order

Nanami Protoss 

Build Orders: Oracle Opening, Phoenix Opening 

Get SALT Encoding   

  12  0:00  Probe  
  13  0:12  Probe  
  14  0:16  Pylon  
  14  0:24  Probe (Chrono Boost)  
  16  0:36  Gateway, Probe (Chrono Boost)  
  16  0:42  Probe (Chrono Boost)  
  16  0:45  Assimilator  
  17  0:51  Probe  
  17  0:53  Assimilator  
  18  1:03  Probe (Chrono Boost)  
  19  1:09  Gateway  
  19  1:13  Probe (Chrono Boost)  
  19  1:18  Probe (Chrono Boost)  
  20  1:23  Cybernetics Core  
  21  1:29  Probe  
  22  1:35  Pylon  
  22  1:41  Probe  
  23  1:57  Probe  
  23  1:59  Stargate  
  24  2:03  Adept  
  24  2:04  Adept  
  28  2:09  Warp Gate  
  28  2:15  Pylon  
  28  2:35  Stalker  
  32  2:44  Oracle (Chrono Boost)  
  32  2:56  Stalker  
  34  3:07  Nexus  
  34  3:20  Shield Battery  
  34  3:25  Phoenix  
  36  3:33  Pylon  
  35  3:35  Shield Battery  
  35  3:44  Probe  
  36  3:48  Pylon  
  36  3:52  Robotics Facility  
  36  3:57  Phoenix  
  36  3:59  Adept  
  36  4:01  Adept  
  42  4:17  Probe  
  42  4:22  Adept  
  45  4:29  Adept  
  47  4:33  Pylon  
  47  4:35  Shield Battery  
  47  4:49  Immortal (Chrono Boost)  
  51  4:54  Sentry  
  53  5:04  Gateway  
  53  5:05  Gateway  
  53  5:21  Warp Prism (Chrono Boost)  
  55  5:31  Pylon  
  55  5:32  Pylon  
  55  5:54  Immortal (Chrono Boost)  
  59  6:00  Adept  
  61  6:07  Adept  
  63  6:36  Pylon  
  63  6:42  Pylon  
  63  6:56  Immortal (Chrono Boost)  
  67  7:03  Probe  
  68  7:10  Nexus  
  68  7:11  Pylon  
  68  7:14  Sentry x2  
  72  7:18  Probe  
  73  7:29  Observer  
  74  7:30  Probe  
  73  7:42  Probe  
  74  7:45  Twilight Council  
  74  7:52  Shield Battery  
  74  7:54  Probe  
  75  8:03  Immortal (Chrono Boost)  
  76  8:06  Probe  
  77  8:18  Probe  
  77  8:19  Stalker  
  80  8:24  Sentry  
  82  8:42  Probe  
  82  8:44  Pylon  
  82  8:45  Stalker  
  82  8:46  Assimilator  
  71  9:04  Zealot  
  65  9:12  Immortal, Pylon  
  67  9:17  Stalker  
  67  9:18  Probe x2  
  71  9:24  Resonating Glaives (Chrono Boost)  
  71  9:34  Gateway x2  
  71  9:36  Adept  
  73  9:39  Gateway  
  73  9:51  Warp Prism  
  75  9:54  Adept  
  77  10:00  Observer, Pylon  
  75  10:14  Adept  
  75  10:15  Adept  
  75  10:19  Shield Battery  
  78  10:31  Adept  
  80  10:36  Adept x3  
  84  10:55  Adept, Pylon  
  86  10:57  Adept x3  
  92  11:21  Pylon  
  92  11:22  Adept x5  
  88  11:46  Adept x3  
  88  11:47  Adept x2  
  72  11:59  Nexus  
  52  12:23  Probe  
  52  12:24  Adept x5  
  51  12:37  Probe  
  51  12:40  Probe  
  47  12:44  Immortal (Chrono Boost)  
  47  12:50  Templar Archives  
  51  12:54  Probe x2 (Chrono Boost)  
  51  12:55  Adept x2  
  57  13:02  Adept  
  60  13:06  Probe (Chrono Boost)  
  60  13:08  Adept  
  58  13:13  Adept  
Tags
 
Add a new tag
Caveats
  • Supply blocks, unpowered buildings, or Contaminate may cause inaccurate times.
  • Supply counts are checked every 10 seconds.